 Dungeon Crawl Stone Soup version 0.24-a0-341-g52ca42d3ec (webtiles) character file.

Game seed: 7625429534224466175

3752 nikopol the Thaumaturge (level 9, -1/47 HPs)
             Began as a Deep Elf Fire Elementalist on May 20, 2019.
             Was a Believer of Vehumet.
             Slain by a water moccasin (4 damage)
             ... on level 8 of the Dungeon.
             The game lasted 00:25:28 (9486 turns).

nikopol the Thaumaturge (DEFE)                      Turns: 9486, Time: 00:25:29

Health: -1/47      AC:  5    Str:  5    XL:     9   Next: 93%
Magic:  10/34      EV: 14    Int: 24    God:    Vehumet [**....]
Gold:   377        SH:  0    Dex: 15    Spells: 13/29 levels left

rFire    + . .     SeeInvis .   C - staff of wizardry
rCold    . . .     Gourm    .   (no shield)
rNeg     . . .     Faith    .   B - +2 robe {MR+}
rPois    .         Spirit   .   (no helmet)
rElec    .         Reflect  .   (no cloak)
rCorr    .         Harm     .   (no gloves)
MR       +....                  e - +0 pair of boots
Stlth    +++.......             (no amulet)
HPRegen  0.15/turn              w - ring of magical power
MPRegen  0.24/turn              h - ring of protection from fire

@: very slightly contaminated, hasted, very quick
A: no striking features
a: Renounce Religion


You were on level 8 of the Dungeon.
You worshipped Vehumet.
Vehumet was pleased with you.
You were hungry.

You visited 2 branches of the dungeon, and saw 9 of its levels.

You collected 377 gold pieces.

Inventory:

Hand Weapons
 d - a +1 dagger
Armour
 e - a +0 pair of boots (worn)
 A - a +0 robe of resistance
 B - a +2 robe of magic resistance (worn)
Magical Staves
 C - an uncursed staff of wizardry (weapon)
Jewellery
 h - a ring of protection from fire (right hand)
 w - a ring of magical power (left hand)
Wands
 a - a wand of iceblast (6)
 s - a wand of digging (6)
 t - a wand of flame (14)
 u - a wand of paralysis (24)
Scrolls
 c - a scroll of enchant weapon
 g - a scroll of teleportation {unknown}
 j - 4 scrolls of remove curse
 n - a scroll of immolation {unknown}
 v - 4 scrolls of amnesia {unknown}
 y - 2 scrolls of random uselessness {unknown}
Potions
 b - a potion of agility
 f - 3 potions of invisibility
 i - a potion of berserk rage
 k - a potion of experience {unknown}
 l - 2 potions of heal wounds {unknown}
 p - 3 potions of lignification
 q - 4 potions of flight
 r - 2 potions of curing
 x - a potion of haste
 z - 2 potions of magic
Comestibles
 m - 3 chunks of flesh
 o - 10 rations


   Skills:
 + Level 1.3 Fighting
 + Level 4.1 Dodging
 + Level 4.6 Stealth
 + Level 10.9 Spellcasting
 + Level 7.9 Conjurations
 + Level 9.3 Fire Magic
 + Level 0.5 Evocations


You had 13 spell levels left.
You knew the following spells:

 Your Spells              Type           Power        Failure   Level  Hunger
a - Flame Tongue          Conj/Fire      #####        1%          1    None
b - Throw Flame           Conj/Fire      ######       1%          2    None
c - Conjure Flame         Conj/Fire      ######..     1%          3    None
d - Sticky Flame          Conj/Fire      ######..     1%          4    None
e - Fireball              Conj/Fire      ######....   1%          5    ####...
f - Pain                  Necr           ##..         1%          1    None

Your spell library contained the following spells:

 Spells                   Type           Power        Failure   Level  Hunger
 Searing Ray              Conj           ######       1%          2    None
 Inner Flame              Hex/Fire       #####...     1%          3    None


Dungeon Overview and Level Annotations

Branches:
Dungeon (8/15)             Temple (0/1) D:7            Lair (1/6) D:8

Altars:
Cheibriados
Dithmenos
Fedhas
Gozag
Kikubaaqudgha
Makhleb
Nemelex Xobeh
Sif Muna
Vehumet
Wu Jian
Yredelemnul
Zin

Shops:
D:8 ?

Annotations:
D:7 2 transporters, Stiffzip's ghost, novice SpCj


Message History

The water moccasin burns!
The wolf bites you!
* * * LOW HITPOINT WARNING * * *
Casting: Sticky Flame (safe; 1% risk of failure)
Confirm with . or Enter, or press ? or * to list all spells.
Aiming: Sticky Flame (safe; 1% risk of failure)
Press: ? - help, Shift-Dir - straight line, f - wolf, p - water moccasin
Aim: a wolf The sticky flame hits the wolf.
The wolf is moderately wounded.
The wolf is covered in liquid flames!
The water moccasin burns!
The wolf burns!
The water moccasin bites you but does no damage.
The wolf barely misses you. The water moccasin bites you!
* * * LOW HITPOINT WARNING * * *
The wolf misses you.
Okay, then.
The water moccasin burns!
The water moccasin stops burning.
The wolf burns!
Okay, then.
You feel yourself speed up.
The wolf burns!
The wolf misses you. The water moccasin bites you.
You die... .# .# ####### .# ##PPPPP## .# #.PPPPPP# .# ##P.P...P# .# #..P..>.P# ## ##..PP..PP# #....S..PP# #..P@hPPPP#

#.....PPPP#
#.#...PPPP#
#.#....PPP#
#.##...PP##
##.###...##
#
#.......##
# #.#######
# #.#


You could see a water moccasin and a wolf (burning).

Vanquished Creatures
  Pikel (D:6)
  A komodo dragon (D:8)
  Prince Ribbit (D:6)
  2 wyverns (D:8)
  Menkaure (D:6)
  Duvessa (D:7)
  2 ice beasts
  2 black bears
  A sky beast (D:5)
  An ogre (D:5)
  2 centaurs
  4 wolves (Lair:1)
  A gnoll sergeant (D:8)
  A wyvern zombie (D:6)
  2 scorpions
  A water moccasin zombie (D:6)
  Dowan (D:7)
  A howler monkey (D:7)
  A crimson imp (D:8)
  A bullfrog zombie (D:6)
  A centaur zombie (D:8)
  3 hounds
  A jelly (D:6)
  3 orc priests
  2 iguanas (D:7)
  7 orc wizards
  4 worker ants
  6 gnolls
  2 howler monkey skeletons (D:7)
  10 adders
  A shadow imp (D:7)
  An ooze (D:4)
  3 adder zombies
  3 worms
  4 dart slugs
  4 leopard geckos
  13 orcs
  A ball python (D:3)
  9 bats
  3 giant cockroaches
  12 goblins
  4 hobgoblins
  15 jackals
  3 quokkas
  7 frilled lizards
  9 kobolds
  A leopard gecko zombie (D:5)
  A quokka skeleton (D:6)
  2 rats
163 creatures vanquished.

Vanquished Creatures (others)
  3 plants (D:8)
3 creatures vanquished.

Grand Total: 166 creatures vanquished

Notes
Turn   | Place    | Note
-------+----------+-------------------------------------------
     0 | D:1      | nikopol the Deep Elf Fire Elementalist began the quest for
                  | the Orb.
     0 | D:1      | Reached XP level 1. HP: 10/10 MP: 6/6
   277 | D:1      | Reached XP level 2. HP: 15/15 MP: 5/8
  1229 | D:2      | Reached XP level 3. HP: 12/19 MP: 1/9
  1237 | D:2      | Learned a level 2 spell: Throw Flame
  1241 | D:2      | Learned a level 3 spell: Conjure Flame
  1843 | D:2      | Found a snail-covered altar of Cheibriados.
  1882 | D:2      | Found a radiant altar of Vehumet.
  1882 | D:2      | Found an ancient bone altar of Kikubaaqudgha.
  1883 | D:2      | Found a deep blue altar of Sif Muna.
  1889 | D:2      | Identified Kikubaaqudgha's Collected Works on Sinister
                  | Rites
  1900 | D:2      | Became a worshipper of Vehumet
  2231 | D:3      | Reached XP level 4. HP: 9/24 MP: 4/11
  2380 | D:3      | Reached skill level 4 in Spellcasting
  2576 | D:3      | Paralysed by a hobgoblin for 4 turns
  2760 | D:3      | Found a shadowy altar of Dithmenos.
  2806 | D:3      | Reached * piety under Vehumet
  2806 | D:3      | Offered knowledge of Freeze by Vehumet.
  2837 | D:3      | Reached XP level 5. HP: 28/28 MP: 8/13
  3389 | D:2      | Learned a level 1 spell: Pain
  3394 | D:2      | Learned a level 4 spell: Sticky Flame
  3552 | D:3      | Reached skill level 5 in Fire Magic
  4485 | D:4      | Reached skill level 5 in Spellcasting
  4485 | D:4      | Reached XP level 6. HP: 32/32 MP: 10/15
  5022 | D:4      | Noticed an ice beast
  5034 | D:4      | Killed an ice beast
  5034 | D:4      | Reached XP level 7. HP: 28/36 MP: 1/17
  5890 | D:5      | Entered Level 5 of the Dungeon
  5955 | D:5      | Reached skill level 6 in Spellcasting
  6391 | D:5      | Reached skill level 5 in Conjurations
  6470 | D:5      | Found an ornate altar of the Wu Jian Council.
  6474 | D:5      | Found an opulent altar of Gozag.
  6533 | D:5      | Reached XP level 8. HP: 21/42 MP: 13/20
  7017 | D:6      | Reached skill level 7 in Spellcasting
  7044 | D:6      | Noticed Prince Ribbit
  7171 | D:6      | Found a glowing silver altar of Zin.
  7180 | D:6      | Killed Prince Ribbit
  7180 | D:6      | Reached skill level 1 in Fighting
  7365 | D:6      | Noticed Menkaure
  7371 | D:6      | Killed Menkaure
  7540 | D:6      | Offered knowledge of Sandblast by Vehumet.
  7753 | D:6      | Reached skill level 8 in Spellcasting
  7887 | D:6      | Noticed Pikel
  7906 | D:6      | Killed Pikel
  7906 | D:6      | Reached ** piety under Vehumet
  7906 | D:6      | Reached XP level 9. HP: 47/47 MP: 20/23
  7978 | D:6      | Found a snail-covered altar of Cheibriados.
  7986 | D:6      | Found a basalt altar of Yredelemnul.
  7986 | D:6      | Found a burning altar of Makhleb.
  7999 | D:6      | Found a blossoming altar of Fedhas.
  8004 | D:6      | Found a sparkling altar of Nemelex Xobeh.
  8031 | D:7      | Noticed Duvessa
  8031 | D:7      | Noticed Dowan
  8040 | D:6      | Learned a level 5 spell: Fireball
  8121 | D:7      | Killed Dowan
  8127 | D:7      | Killed Duvessa
  8127 | D:7      | Reached skill level 9 in Spellcasting
  8281 | D:7      | Found a transporter.
  8281 | D:7      | Noticed Stiffzip's ghost (novice SpCj)
  8283 | D:7      | Found a transporter.
  8446 | D:7      | Found a staircase to the Ecumenical Temple.
  8807 | D:8      | Found Nidac's Magic Scroll Boutique.
  8904 | D:8      | Reached skill level 10 in Spellcasting
  8972 | D:8      | Found a staircase to the Lair.
  8973 | D:8      | Noticed a komodo dragon
  9379 | D:8      | Killed a komodo dragon
  9379 | D:8      | Offered knowledge of Searing Ray by Vehumet.
  9468 | Lair:1   | Entered Level 1 of the Lair of Beasts
  9474 | Lair:1   | Noticed a komodo dragon
  9484 | D:8      | HP: 2/47 [water moccasin (9)]
  9486 | D:8      | Slain by a water moccasin

Levels and vault maps discovered:
D:1:      dpeg_arrival_oval, layout_loops_corners, minmay_pentomino_r4
D:2:      minmay_recursive_quarters, layout_loops_corners,
          grunt_temple_overflow_magic_moments, cheibriados_altar_1
D:3:      layout_basic, lemuel_doored_altar
D:4:      layout_cave_pods, first_ration
D:5:      layout_loops_ring, grunt_temple_overflow_open
D:6:      layout_rooms, nicolae_overflow_crystal_walls,
          minmay_overflow_temple_star_hex, st_stairs_10, dk_vineyard_2,
          uniq_prince_ribbit1, uniq_pikel, uniq_menkaure
D:7:      layout_rooms, minmay_temple_entry_statues_pillars,
          gammafunk_ghost_mausoleum, uniq_duvessa
D:8:      layout_loops_cross, david_lair_shrubbed, serial_shops, shop_statue
Lair:1:   layout_gridlike, lemuel_fruit_fields, serial_bayou_shore_b

Skill      XL: |  1  2  3  4  5  6  7  8  9 |
---------------+----------------------------+-----
Fire Magic     | 4 5 6 7 9 |  9.3
Stealth        | 3 4 |  4.6
Spellcasting   | 4 5 6 8 10 | 10.9
Conjurations   | 2 3 5 6 7 |  7.9
Dodging        | 3 4 |  4.1
Fighting       | 1 |  1.3
Evocations     | |  0.5

Action                   |  1- 3 |  4- 6 |  7- 9 || total
-------------------------+-------+-------+-------++-------
Melee: Dagger            |       |       |     1 ||     1
 Cast: Flame Tongue      |    68 |   101 |   164 ||   333
       Throw Flame       |       |    17 |     6 ||    23
       Sticky Flame      |       |     3 |    37 ||    40
       Conjure Flame     |       |       |     3 ||     3
       Fireball          |       |       |     8 ||     8
Evoke: Wand              |       |       |     2 ||     2
  Use: Scroll            |       |       |    11 ||    11
       Potion            |       |       |     1 ||     1
  Eat: Ration            |     1 |     1 |       ||     2
       Chunk             |       |     6 |    17 ||    23
Armor: Robe              |     3 |     5 |    18 ||    26
Dodge: Dodged            |    14 |    39 |    61 ||   114

Table legend:
 A = Non-vault XP
 B = Vault XP
 C = Vault XP percentage of total XP
 D = Non-vault monster count
 E = Vault monster count
 F = Vault count percentage of total count
                 A         B        C        D         E       F
            +---------+---------+-------+---------+---------+-------
      Total |    3555 |    1805 |  33.7 |     145 |      18 |  11.0
            +---------+---------+-------+---------+---------+-------
        D:1 |      29 |       7 |  19.4 |      15 |       4 |  21.1
        D:2 |      25 |      13 |  34.2 |      11 |       6 |  35.3
        D:3 |     306 |       0 |   0.0 |      36 |       0 |   0.0
        D:4 |     529 |       0 |   0.0 |      21 |       0 |   0.0
        D:5 |     529 |       0 |   0.0 |      14 |       0 |   0.0
        D:6 |     238 |    1207 |  83.5 |       9 |       5 |  35.7
        D:7 |     448 |     211 |  32.0 |      21 |       2 |   8.7
        D:8 |     984 |     367 |  27.2 |      14 |       1 |   6.7
     Lair:1 |     467 |       0 |   0.0 |       4 |       0 |   0.0
            +---------+---------+-------+---------+---------+-------
